 Dungeon Crawl Stone Soup version 0.14-a0-1313-gb2df4ef (webtiles) character file.

1610 Psiweapon the Practitioner (level 8, -8/73 HPs)
             Began as a Deep Dwarf Healer on Dec 5, 2013.
             Was a Believer of Elyvilon.
             Mangled by a cyclops (22 damage)
             ... on Level 6 of the Dungeon.
             The game lasted 00:33:10 (4543 turns).

Psiweapon the Practitioner (Deep Dwarf Healer)      Turns: 4543, Time: 00:33:10

HP  -8/73        AC  6     Str 17      XL: 8   Next: 46%
MP  15/18        EV  8     Int 14      God: Elyvilon [**....]
Gold 161         SH  0     Dex 12      Spells:  0 memorised,  7 levels left

rFire  . . .     SeeInvis .     G - +1,+2 whip (freeze)
rCold  . . .     Clarity  .     C - +0 elf scale mail
rNeg   . . .     Conserve .     (no shield)
rPois  .         rCorr    .     (no helmet)
rElec  .         rRot     .     (no cloak)
SustAb . .       Spirit   .     (no gloves)
rMut   .         Warding  .     (no boots)
Gourm  +         Stasis   .     m - amulet of the gourmand
                                (no ring)
                                P - ring of regeneration

@: non-regenerating, somewhat resistant to hostile enchantments, extremely
unstealthy
A: damage resistance, recharge devices, sense surroundings 1, slow healing 3
a: Device Recharging, Lesser Healing, Lesser Self-Healing, Divine Protection,
Purification, Renounce Religion


You were on level 6 of the Dungeon.
You worshipped Elyvilon.
Elyvilon was pleased with you.
You were not hungry.

You visited 2 branches of the dungeon, and saw 7 of its levels.

You collected 161 gold pieces.

Inventory:

Hand weapons
 g - a +1,+1 dwarven hand axe
 j - a +0,+1 flail of holy wrath
 q - a +1,+1 spear of dragon slaying
 v - a +0,+0 glaive
 G - a +1,+2 whip of freezing (weapon)
Missiles
 k - 11 javelins (quivered)
 s - 5 tomahawks
 L - 8 bolts of frost
Armour
 a - a +1 robe
 r - a +0 ring mail
 C - a +0 elven scale mail (worn)
Magical devices
 d - a wand of heal wounds (3)
 O - a wand of random effects (10) {unknown}
Comestibles
 f - 9 bread rations
 i - a choko
 p - 3 meat rations
 F - 2 pears
 H - 3 oranges
 I - an apricot
Scrolls
 l - 6 scrolls of identify
 o - a scroll of enchant armour {unknown}
 x - a scroll of teleportation {unknown}
 y - a scroll of immolation {unknown}
 z - a scroll of remove curse {unknown}
 A - a scroll of curse armour {unknown}
 D - 2 scrolls of recharging {unknown}
 N - a scroll of amnesia {unknown}
Jewellery
 m - an amulet of the gourmand (around neck)
 P - a ring of regeneration (left hand)
Potions
 b - 3 potions of curing
 c - 2 potions of heal wounds
 e - a potion of magic {unknown}
 h - 2 potions of degeneration {unknown}
 t - a potion of speed {unknown}
 u - 3 potions of invisibility {unknown}
 E - 3 potions of restore abilities {unknown}
 K - 3 potions of might {unknown}
 M - a potion of experience {unknown}
Books
 w - a Young Poisoner's Handbook

   Spells                             Type                      Level
   Sting                              Conjuration/Poison           1
   Cure Poison                        Poison                       2
   Mephitic Cloud                     Conjuration/Poison/Air       3
   Olgreb's Toxic Radiance            Poison                       4
   Venom Bolt                         Conjuration/Poison           5
Magical staves
 J - an uncursed staff of fire


   Skills:
 + Level 4.7 Fighting
 - Level 4.3 Axes
 + Level 4.3 Maces & Flails
 + Level 2.8 Armour
 - Level 5.2 Dodging
 + Level 7.8 Invocations


You had 7 spell levels left.
You didn't know any spells.

Dungeon Overview and Level Annotations

Branches:
Dungeon (6/16)             Temple (1/1) D:4

Altars:
Ashenzari
Cheibriados
Elyvilon
Fedhas
Sif Muna
Vehumet
Xom
Zin
the Shining One


Innate Abilities, Weirdness & Mutations

You are resistant to damage.
You can recharge devices by infusing magical energy.
You passively map a small area around you.
You do not heal naturally.


Message History

Use which ability? (? or * to list)
You are healed.
You feel somewhat less full. The cyclops hits you!
* * * LOW HITPOINT WARNING * * *
You hit the cyclops. You freeze the cyclops.
The cyclops is moderately wounded.
The cyclops closely misses you.
Use which ability? (? or * to list)
You are healed.
The giant gecko zombie closely misses you.
The orc hits you with an orcish mace.
* * * LOW HITPOINT WARNING * * *
The cyclops hits you.
* * * LOW HITPOINT WARNING * * *
You hit the cyclops but do no damage.
The cyclops is moderately wounded.
The giant gecko zombie barely misses you.
The orc closely misses you.
Use which ability? (? or * to list)
You are healed.
You feel somewhat more hungry. The cyclops hits you!
You die...

......#...............#...#
#................>.#.....##
.(...##.............%.....#
#....#...#........##......#
..#.......#.>..<...#......###
......................#...#.##
.........................#...#
....#..........oC...........##
...............z@.....#.....#
....#.#.....................##
.....#.#.#.................#.##
. #.........................## ,
..#.#............(......#...#
....................#...#...##
....#............(.......#...#
,,..............................
.................#...........#


You could see a cyclops, an orc and a giant gecko zombie.

Vanquished Creatures
  Pikel (D:4)
  The ghost of runewalsh the Sneak, an average OpWz (D:4)
  A sky beast (D:5)
  2 ogres
  A jelly (D:5)
  An orc priest (D:4)
  3 orc wizards
  3 worker ants
  Terence (D:3)
  4 gnolls (D:6)
  4 adders
  2 worms (D:6)
  An ooze (D:1)
  10 orcs
  5 giant cockroaches
  8 goblins
  7 hobgoblins
  2 kobolds
  A ball python (D:1)
  5 bats
  2 giant newts (D:5)
  A hobgoblin skeleton (D:4)
  An orc skeleton (D:5)
  A rat (D:4)
68 creatures vanquished.

Vanquished Creatures (others)
  An orc priest (D:4)
  An orc wizard (D:4)
  A goblin (D:4)
  A hobgoblin (D:1)
  2 quokkas
  A giant newt (D:2)
  A rat (D:3)
8 creatures vanquished.

Grand Total: 76 creatures vanquished

Notes
Turn   | Place    | Note
--------------------------------------------------------------
     0 | D:1      | Psiweapon, the Deep Dwarf Healer, began the quest for the Orb.
     0 | D:1      | Reached XP level 1. HP: 16/16 MP: 2/2
    40 | D:1      | Reached skill level 1 in Fighting
   158 | D:1      | Reached skill level 4 in Invocations
   236 | D:2      | Reached XP level 2. HP: 23/25 MP: 4/4
   906 | D:3      | Reached XP level 3. HP: 23/31 MP: 6/6
  1373 | D:2      | Reached skill level 1 in Axes
  1684 | D:4      | Noticed runewalsh's ghost (average OpWz)
  1795 | D:3      | Reached XP level 4. HP: 36/39 MP: 7/7
  2074 | D:3      | Noticed Terence
  2095 | D:3      | Killed Terence
  2426 | D:4      | Reached XP level 5. HP: 45/45 MP: 7/9
  2460 | D:4      | Killed runewalsh's ghost
  2460 | D:4      | Reached skill level 5 in Invocations
  2460 | D:4      | Reached XP level 6. HP: 48/55 MP: 8/12
  2619 | D:4      | Noticed a slave
  2619 | D:4      | Noticed a slave
  2620 | D:4      | Noticed a slave
  2621 | D:4      | Noticed Pikel
  2633 | D:4      | Noticed a slave
  2689 | D:4      | Killed Pikel
  2689 | D:4      | Reached skill level 5 in Dodging
  2689 | D:4      | Reached skill level 6 in Invocations
  2689 | D:4      | Reached XP level 7. HP: 27/63 MP: 8/16
  2731 | D:4      | Found a blossoming altar of Fedhas.
  2920 | D:4      | Found a staircase to the Ecumenical Temple.
  2935 | Temple   | Entered the Ecumenical Temple
  3077 | D:4      | Reached skill level 1 in Maces & Flails
  3157 | D:4      | Reached skill level 1 in Armour
  3157 | D:4      | Reached skill level 7 in Invocations
  3531 | D:5      | Entered Level 5 of the Dungeon
  3562 | D:5      | Found a shimmering altar of Xom.
  3835 | D:5      | Reached XP level 8. HP: 51/72 MP: 15/18
  4197 | D:6      | Found a shattered altar of Ashenzari.
  4414 | D:6      | Noticed a cyclops
  4414 | D:6      | Acquired Elyvilon's second power
  4543 | D:6      | Mangled by a cyclops

Action                   |  1- 3 |  4- 6 |  7- 9 || total
-------------------------+-------+-------+-------++-------
Melee: Unarmed           |    41 |       |       ||    41
       Whip              |     7 |       |   184 ||   191
       Hand axe          |    59 |   120 |       ||   179
       Spear             |    16 |       |       ||    16
       Glaive            |       |       |     4 ||     4
Throw: Javelin           |     3 |     8 |    10 ||    21
Invok: Lesser Healing    |    23 |    40 |    41 ||   104
       Lesser Self-Heali |     5 |    16 |    52 ||    73
Evoke: Wand              |       |     1 |     1 ||     2
  Use: Scroll            |       |       |     1 ||     1
